 Dungeon Sprint DCSS version 0.26.1-2-gb8aa6d0cf2 (webtiles) character file.

Game seed: 14457602628199664011

934 Groucho the Unseen (level 7, -4/35 HPs)
             Began as a Felid Enchanter on Feb 18, 2021.
             Was a Follower of Uskayaw.
             Slain by a vampire mosquito (5 damage)
             ... summoned by an oklob plant summoner
             ... in the Dungeon (Sprint IV: "Fedhas' Mad Dash").
             The game lasted 00:05:42 (1184 turns).

Groucho the Unseen (Felid Enchanter)                Turns: 1184, Time: 00:05:42

Health: -4/35      AC:  2    Str:  7    XL:     7   Next: 86%
Magic:  17/17      EV: 28    Int: 16    God:    Uskayaw [*.....]
Gold:   150        SH:  0    Dex: 17    Spells: 2/18 levels left
                                        Lives:  0   Deaths: 2

rFire    . . .     SeeInvis +     - Unarmed
rCold    . . .     Faith    .   (shield unavailable)
rNeg     . . .     Spirit   .   (armour unavailable)
rPois    .         Reflect  .   (helmet unavailable)
rElec    .         Harm     .   (cloak unavailable)
rCorr    .         Rampage  .   (gloves unavailable)
Will     +....     NoTele   +   (boots unavailable)
Stlth    +++++++...             a - amulet of invisibility {+Inv}
HPRegen  0.11/turn              (no ring)
MPRegen  0.15/turn              (no ring)

@: lethally poisoned (-4 -> -10), quick
A: very small, no armour, no weapons or thrown items, stealth, claws 1, fangs 3,
see invisible, speed 1, shaggy fur 2, sharp paws
a: Renounce Religion, Evoke Invisibility, Stomp


You were in the Dungeon.
You worshipped Uskayaw.
Uskayaw was noncommittal.
You visited 1 branch You collected 150 gold pieces.

Inventory:

Jewellery
 a - the amulet of invisibility (around neck) {+Inv}
   (You found it in the Dungeon)

   [amulet of nothing]

   It lets you turn invisible.
Scrolls
 d - 2 scrolls of identify {unknown}
 g - a scroll of blinking
Potions
 b - a potion of curing
 e - 2 potions of magic
 h - a potion of attraction {unknown}


   Skills:
 + Level 6.3 Fighting
 * Level 11.9 Dodging
 * Level 18.1 Stealth
 * Level 9.2 Unarmed Combat
 + Level 6.2 Spellcasting
 * Level 13.2 Hexes


You had 2 spell levels left.
You knew the following spells:

 Your Spells              Type           Power        Failure   Level
a - Corona                Hex            52%          1%          1
b - Ensorcelled Hibernat  Hex/Ice        52%          1%          2
c - Confusing Touch       Hex            47%          1%          3
d - Tukima's Dance        Hex            47%          1%          3
e - Cause Fear            Hex            23%          1%          4
f - Dazzling Flash        Conj/Hex       52%          2%          3

Your spell library contained the following spells:

 Spells                   Type           Power        Failure   Level
 Silence                  Hex/Air        13%          26%         5
 Yara's Violent Unravell  Hex/Tmut       13%          26%         5
 Discord                  Hex            23%          98%         8


Dungeon Overview and Level Annotations

Branches:
Dungeon (1/1)

Altars:
Cheibriados
Dithmenos
Elyvilon
Gozag
Hepliaklqana
Kikubaaqudgha
Makhleb
Nemelex Xobeh
Okawaru
Qazlal
Ru
Sif Muna
Trog
Uskayaw
Vehumet
Wu Jian
Xom
Yredelemnul
Zin
The Shining One
Beogh
Jiyva
Lugonu

Annotations:
D exclusion: 2 oklob plants, Agnes


Innate Abilities, Weirdness & Mutations

You cannot wear armour.
You are incapable of wielding weapons or throwing items.
Your paws allow you to move quietly. (Stealth)
You have sharp claws.
You have razor-sharp teeth.
You have supernaturally acute eyesight. (SInv)
You cover ground quickly.
You are covered in thick fur. (AC +2)
Your sharp claws are effective at attacking unaware monsters.


Message History

Unknown command.
You scratch the vampire mosquito.
The vampire mosquito is moderately damaged.
The vampire mosquito barely misses you.
The vampire mosquito completely misses you. x3
The vampire mosquito misses you.
The vampire mosquito completely misses you.
The hornet stings you.
* * * LOW HITPOINT WARNING * * *
You are lethally poisoned!
You feel yourself slow down.
The crimson imp laughs crazily.
The crimson imp blinks!
Unknown command.
You scratch the vampire mosquito.
The vampire mosquito is heavily damaged.
You feel yourself speed up.
* * * LOW HITPOINT WARNING * * *
You feel sick. The vampire mosquito bites you.
You die...

###############
._._._._.⌠.#.)+
_._._._._..'..#
._._._._...#..#
_._._._._..#..#
._._._._.⌠.############
################yy..$?#
♣♣♣..♣)###.'.(+.@y5.!$+
...♣..♣##..#.†#.Py5.†P#
♣♣♣.♣).###.##i##§5.P..#
..♣...♣'...#♣.♣########
############... ♣..
.... ♣... #####


You could see an oklob plant shifter, an oklob plant summoner, a hornet
(summoned), 3 vampire mosquitoes, 2 crimson imps and a shadow imp (summoned).

Vanquished Creatures
  A spriggan druid (D)
  4 oklob plants (D)
  2 burning bushes (D)
  A queen bee (D)
  A wandering mushroom (D)
  4 killer bees (D)
  5 oklob saplings (D)
  A worker ant (D)
  A river rat (D)
  A rat (D)
21 creatures vanquished.

Vanquished Creatures (others)
  A ballistomycete spore (D)
  A fungus (D)
2 creatures vanquished.

Grand Total: 23 creatures vanquished

Notes
Turn   | Place    | Note
-------+----------+-------------------------------------------
     0 | D        | Groucho the Felid Enchanter began the quest for the Orb.
     0 | D        | Reached XP level 1. HP: 7/7 MP: 4/4
     9 | D        | Reached skill level 7 in Stealth
     9 | D        | Reached XP level 2. HP: 11/11 MP: 6/6
    23 | D        | Noticed an oklob sapling
    24 | D        | Killed an oklob sapling
    25 | D        | Reached skill level 9 in Stealth
    25 | D        | Reached XP level 3. HP: 14/14 MP: 7/7
    27 | D        | Found the amulet of invisibility {+Inv}
    29 | D        | Reached skill level 11 in Stealth
    41 | D        | Found an opulent altar of Gozag.
    41 | D        | Found a hazy altar of Hepliaklqana.
    41 | D        | Found a roughly hewn altar of Beogh.
    41 | D        | Found a snail-covered altar of Cheibriados.
    42 | D        | Found a viscous altar of Jiyva.
    42 | D        | Found a burning altar of Makhleb.
    42 | D        | Found a sparkling altar of Nemelex Xobeh.
    42 | D        | Found a sacrificial altar of Ru.
    42 | D        | Found a shimmering blue altar of Sif Muna.
    42 | D        | Found a bloodstained altar of Trog.
    42 | D        | Found an ornate altar of the Wu Jian Council.
    42 | D        | Found a shimmering altar of Xom.
    42 | D        | Found a basalt altar of Yredelemnul.
    42 | D        | Noticed an oklob sapling priest
    43 | D        | Found an iron altar of Okawaru.
    43 | D        | Found a shadowy altar of Dithmenos.
    43 | D        | Found a glowing silver altar of Zin.
    44 | D        | Found an ancient bone altar of Kikubaaqudgha.
    44 | D        | Found a hide-covered altar of Uskayaw.
    45 | D        | Found a stormy altar of Qazlal.
    45 | D        | Found a white marble altar of Elyvilon.
    45 | D        | Found a glowing golden altar of the Shining One.
    46 | D        | Found a corrupted altar of Lugonu.
    46 | D        | Found a radiant altar of Vehumet.
    49 | D        | Killed an oklob sapling priest
    50 | D        | Reached skill level 13 in Stealth
    50 | D        | Reached XP level 4. HP: 18/18 MP: 5/8
    53 | D        | Became a worshipper of Uskayaw the Reveller
    61 | D        | Reached * piety under Uskayaw
    62 | D        | Reached skill level 14 in Stealth
    62 | D        | Reached XP level 5. HP: 21/21 MP: 6/9
   384 | D        | Noticed a queen bee
   394 | D        | Killed a queen bee
   394 | D        | Reached ** piety under Uskayaw
   395 | D        | Reached skill level 15 in Stealth
   395 | D        | Gained mutation: You are covered in thick fur. (AC +2)
                  | [Felid growth]
   395 | D        | Reached XP level 6. HP: 27/27 MP: 7/12
   396 | D        | Reached *** piety under Uskayaw
   398 | D        | Reached **** piety under Uskayaw
   399 | D        | Reached XP level 7. HP: 31/31 MP: 8/13
   399 | D        | Reached ***** piety under Uskayaw
   400 | D        | Reached skill level 5 in Unarmed Combat
   401 | D        | Noticed an oklob plant
   404 | D        | Killed an oklob plant
   405 | D        | Reached skill level 16 in Stealth
   405 | D        | Reached skill level 10 in Hexes
   545 | D        | Noticed a burning bush
   560 | D        | Killed a burning bush
   561 | D        | Reached XP level 8. HP: 34/36 MP: 14/16
   784 | D        | Noticed a burning bush
   784 | D        | Noticed an oklob plant
   785 | D        | Noticed a wandering mushroom
   786 | D        | Killed a burning bush
   787 | D        | Reached skill level 5 in Spellcasting
   791 | D        | Killed an oklob plant
   792 | D        | Reached skill level 5 in Fighting
   792 | D        | Reached skill level 10 in Dodging
   792 | D        | Reached skill level 17 in Stealth
   795 | D        | Killed a wandering mushroom
   796 | D        | Reached XP level 9. HP: 40/40 MP: 16/18
   812 | D        | Noticed a spriggan druid
   813 | D        | Killed a spriggan druid
   825 | D        | Noticed an oklob plant conjurer
   826 | D        | Killed an oklob plant conjurer
   836 | D        | Learned a level 2 spell: Ensorcelled Hibernation
   840 | D        | Learned a level 3 spell: Confusing Touch
   844 | D        | Learned a level 3 spell: Tukima's Dance
   849 | D        | Learned a level 4 spell: Cause Fear
   853 | D        | Learned a level 3 spell: Dazzling Flash
  1152 | D        | Noticed Agnes
  1158 | D        | Mangled by Agnes
  1159 | D        | Reached XP level 8. HP: -13/38 MP: 9/18
  1159 | D        | Noticed an oklob plant
  1159 | D        | Noticed an oklob plant shifter
  1159 | D        | Noticed an oklob plant summoner
  1160 | D        | Killed an oklob plant
  1161 | D        | Reached skill level 18 in Stealth
  1171 | D        | Splashed by an oklob plant shifter's acid
  1172 | D        | Reached XP level 7. HP: -12/35 MP: 17/17
  1172 | D        | Noticed a hornet
  1172 | D        | Noticed a vampire mosquito
  1172 | D        | Noticed a vampire mosquito
  1172 | D        | Noticed a vampire mosquito
  1184 | D        | HP: 1/35 [poisoned by a hornet]
  1184 | D        | Slain by a vampire mosquito

Illustrated notes

Levels and vault maps discovered:
D:        dungeon_sprint_fedhas [sprint_temple]

Skill      XL: |  1  2  3  4  5  6  7  8  9 |
---------------+----------------------------+-----
Stealth        | 7 9 13 14 15 16 18 | 18.1
Dodging        | 6 7 9 10 11 | 11.9
Fighting       | 2 3 4 5 6 |  6.3
Unarmed Combat | 4 6 9 |  9.2
Spellcasting   | 3 4 5 6 |  6.2
Hexes          | 7 8 10 13 12 | 13.2

Action                   |  1- 3 |  4- 6 |  7- 9 || total
-------------------------+-------+-------+-------++-------
Melee: Unarmed           |     5 |     6 |    41 ||    52
       Bite              |       |       |     2 ||     2
 Cast: Cause Fear        |       |       |     2 ||     2
       Tukima's Dance    |       |       |     1 ||     1
       Confusing Touch   |       |       |     1 ||     1
 Abil: Evoke Invisibilit |     1 |     2 |     1 ||     4
  Use: Potion            |     1 |       |     2 ||     3
 Stab: Sleeping          |     4 |     6 |     9 ||    19
       Paralysed         |       |       |     1 ||     1
Armor: Skin              |       |       |     1 ||     1
Dodge: Dodged            |     1 |       |    56 ||    57
